 Dungeon Crawl Stone Soup version 0.25-a0-663-gace7076f2c (webtiles) character file.

Game seed: 16810275888803256239, levelgen mode: deterministic

152 kae the Ruffian (level 5, 0/40 HPs)
             Began as a Draconian Transmuter on Mar 25, 2020.
             Succumbed to a worker ant's poison
             ... on level 4 of the Dungeon.
             The game lasted 00:01:50 (2975 turns).

kae the Ruffian (Draconian Transmuter)              Turns: 2975, Time: 00:01:51

Health: 0/40       AC:  5    Str: 13    XL:     5   Next: 11%
Magic:  9/9        EV: 12    Int: 14    God:
Gold:   194        SH:  0    Dex:  9    Spells: 4/10 levels left

rFire    . . .     SeeInvis .     - Unarmed
rCold    . . .     Gourm    .   (no shield)
rNeg     . . .     Faith    .   (armour unavailable)
rPois    .         Spirit   .   (helmet restricted)
rElec    .         Reflect  .   (no cloak)
rCorr    .         Harm     .   (no gloves)
MR       .....     Clarity  +   (no boots)
Stlth    +.........             (no amulet)
HPRegen  0.13/turn              (no ring)
MPRegen  0.11/turn              (no ring)

@: lethally poisoned (0 -> -5), berserk cooldown, flying
A: unfitting armour, horns 1, clarity, clumsy 1, cold-blooded, AC +5
a: no special abilities


You were on level 4 of the Dungeon.
You were not hungry.

You visited 1 branch of the dungeon, and saw 4 of its levels.

You collected 194 gold pieces.

Inventory:

Missiles
 a - 33 arrows
Wands
 r - a wand of paralysis (1)
Scrolls
 j - 3 scrolls of teleportation {unknown}
 l - 4 scrolls of immolation {unknown}
 n - a scroll of amnesia
 o - a scroll of identify {unknown}
 p - a scroll of noise {unknown}
Potions
 d - 2 potions of curing
 g - 2 potions of cancellation
 k - a potion of ambrosia {unknown}
 m - a potion of stabbing {unknown}
 q - a potion of brilliance {unknown}
Comestibles
 c - 5 rations


   Skills:
 - Level 1.1 Fighting
 - Level 1.7 Dodging
 * Level 4.6 Unarmed Combat
 + Level 3.0 Spellcasting
 + Level 3.1 Transmutations


You had 4 spell levels left.
You knew the following spells:

 Your Spells              Type           Power        Failure   Level  Hunger
a - Beastly Appendage     Tmut           ##....       6%          1    #......
b - Sticks to Snakes      Tmut           ##......     9%          2    ##.....
c - Spider Form           Tmut/Pois      #.........   34%         3    ###....

Your spell library contained the following spells:

 Spells                   Type           Power        Failure   Level  Hunger
 Ice Form                 Ice/Tmut       #.......     75%         4    #####..
 Blade Hands              Tmut           ##........   86%         5    ######.


Dungeon Overview and Level Annotations

Branches:
Dungeon (4/15)             Temple (0/1) D:4

Altars:
Fedhas
Kikubaaqudgha
Sif Muna


Innate Abilities, Weirdness & Mutations

Your plain brown scales are hard. (AC +5)
You cannot fit into any form of body armour.
You are cold-blooded and may be slowed by cold attacks.
You have a pair of small horns on your head.
You possess an exceptional clarity of mind.
You are clumsy. (Dex -2)


Message History

You are no longer berserk.
You are exhausted.
You feel yourself slow down.
* * * LOW HITPOINT WARNING * * *
You feel sick.
Your magical contamination has completely faded away.
Okay, then.
Unknown command.
It was a potion of cancellation.
Your magical effects are unravelling.
You feel magically purged.
Your transformation has ended.
You feel yourself speed up.
You feel yourself slow down.
It was a potion of flight.
You feel very buoyant.
You fly up into the air.
* * * LOW HITPOINT WARNING * * *
You feel sick.
It was a potion of magic.
Magic courses through your body.
You die...

##.........####......
...............##......
...#..⌠...⌠..#.##......
..#.........#..>...... .
.......>..............
... #.........#.........
....#..⌠...⌠..#.........
#.....................
#.#..@......##..[.....
##.##.##.##.#.....## ...
#.....#......... #.#.
................
#..##..##.............
#.. #.. #.#...........
... #. .#..........# .##
............ ...........


There were no monsters in sight!

Vanquished Creatures
  Ijyb (D:4)
  A worker ant (D:4)
  5 adders
  2 oozes
  2 worms (D:2)
  2 dart slugs
  2 leopard geckos (D:2)
  An orc (D:3)
  2 bats
  4 goblins
  6 hobgoblins
  4 jackals (D:2)
  3 ball pythons
  3 frilled lizards
  3 kobolds
  4 rats
45 creatures vanquished.

Notes
Turn   | Place    | Note
-------+----------+-------------------------------------------
     0 | D:1      | kae the Draconian Transmuter began the quest for the Orb.
     0 | D:1      | Reached XP level 1. HP: 16/16 MP: 3/3
   220 | D:1      | Reached XP level 2. HP: 23/23 MP: 3/5
   236 | D:1      | Learned a level 2 spell: Sticks to Snakes
   841 | D:2      | Reached XP level 3. HP: 28/28 MP: 1/6
  1236 | D:2      | Found a blossoming altar of Fedhas.
  1237 | D:2      | Found an ancient bone altar of Kikubaaqudgha.
  1307 | D:2      | Reached skill level 4 in Unarmed Combat
  1681 | D:2      | Found a shimmering blue altar of Sif Muna.
  1686 | D:2      | Learned a level 3 spell: Spider Form
  1742 | D:3      | Reached XP level 4. HP: 33/35 MP: 5/7
  2891 | D:4      | Noticed Ijyb
  2901 | D:4      | Paralysed by Ijyb for 2 turns
  2909 | D:4      | Killed Ijyb
  2938 | D:4      | Found a staircase to the Ecumenical Temple.
  2961 | D:4      | Gained mutation: You have a pair of small horns on your
                  | head. [potion of mutation]
  2961 | D:4      | Gained mutation: You are clumsy. (Dex -2) [potion of
                  | mutation]
  2961 | D:4      | Gained mutation: You possess an exceptional clarity of
                  | mind. [potion of mutation]
  2965 | D:4      | Reached XP level 5. HP: 6/40 MP: 5/9
  2970 | D:4      | HP: 3/60 [poisoned by a worker ant]
  2972 | D:4      | HP: 1/40 [poisoned by a worker ant]
  2975 | D:4      | Succumbed to a worker ant's poison

Levels and vault maps discovered:
D:1:      grunt_arrival_lava_bath, layout_basic
D:2:      layout_loops_ring, grunt_temple_overflow_growth_and_decay,
          led_sif_pool
D:3:      layout_basic, first_ration, mrwooster_statue_mirror
D:4:      layout_rooms, lemuel_round_altar, minmay_temple_entry_large_hall,
          nicolae_tso_besieged_by_evil, uniq_natasha, uniq_edmund, uniq_ijyb

Skill      XL: |  1  2  3  4 |
---------------+-------------+-----
Unarmed Combat | 4 |  4.6
Transmutations | 3 |  3.1
Spellcasting   | 3 |  3.0
Fighting       | |  1.1
Dodging        | |  1.7

Action                   |  1- 3 |  4- 6 || total
-------------------------+-------+-------++-------
Melee: Unarmed           |   100 |    69 ||   169
       Kick              |    14 |     7 ||    21
       Tailslap          |    10 |     6 ||    16
       Headbutt          |     1 |     4 ||     5
 Cast: Beastly Appendage |    17 |     6 ||    23
       Sticks to Snakes  |     2 |       ||     2
       Spider Form       |       |     2 ||     2
  Use: Scroll            |     2 |       ||     2
       Potion            |       |     7 ||     7
  Eat: Chunk             |     3 |     4 ||     7
Armor: Skin              |    14 |    16 ||    30
Dodge: Dodged            |    57 |    40 ||    97

Table legend:
 A = Non-vault XP
 B = Vault XP
 C = Vault XP percentage of total XP
 D = Non-vault monster count
 E = Vault monster count
 F = Vault count percentage of total count
                 A         B        C        D         E       F
            +---------+---------+-------+---------+---------+-------
      Total |     182 |      36 |  16.5 |      44 |       1 |   2.2
            +---------+---------+-------+---------+---------+-------
        D:1 |      16 |       0 |   0.0 |       7 |       0 |   0.0
        D:2 |      79 |       0 |   0.0 |      22 |       0 |   0.0
        D:3 |      51 |       0 |   0.0 |      13 |       0 |   0.0
        D:4 |      36 |      36 |  50.0 |       2 |       1 |  33.3
            +---------+---------+-------+---------+---------+-------
